 Dungeon Crawl Stone Soup version 0.28-a0-1002-gf00fe891ef (webtiles) character file.

Game seed: 3273689552853927443

72 enile the Skirmisher (level 4, -8/40 HPs)
             Began as a Ghoul Monk on Dec 7, 2021.
             Killed from afar by an orc wizard (11 damage)
             ... with a puff of flame
             ... on level 3 of the Dungeon.
             The game lasted 00:03:38 (2006 turns).

enile the Skirmisher (Ghoul Monk)                   Turns: 2006, Time: 00:03:38

Health: -8/40      AC:  2    Str: 16    XL:     4   Next: 26%
Magic:  3/3        EV: 12    Int:  5    God:
Gold:   31         SH:  0    Dex: 11    Spells: 1/3 levels left

rFire   . . .      SeeInvis .   c - +3 short sword (venom)
rCold   + . .      Faith    .   (no shield)
rNeg    + + +      Spirit   .   a - +0 robe
rPois   ∞          Reflect  .   (no helmet)
rElec   .          Harm     .   (no cloak)
rCorr   .          Rampage  .   (no gloves)
Will    .....                   (no boots)
Stlth   ++........              (no amulet)
HPRegen 0.00/turn               (no ring)
MPRegen 0.08/turn               (no ring)

@: mighty, inhibited regen
A: claws 1, cold resistance 1, negative energy resistance 3, inhibited
regeneration, torment resistance 2
a: no special abilities


You were on level 3 of the Dungeon.
You visited 1 branch of the dungeon, and saw 3 of its levels.

You collected 31 gold pieces.

Inventory:

Hand Weapons
 c - a +3 short sword of venom (weapon)
Armour
 a - a +0 robe (worn)
 m - a +0 ring mail
Magical Staves
 j - a staff of poison
Scrolls
 d - a scroll of enchant weapon
 e - a scroll of fog {unknown}
 g - 2 scrolls of amnesia {unknown}
 n - a scroll of blinking {unknown}
 o - a scroll of enchant armour {unknown}
 p - a scroll of identify {unknown}
Potions
 f - 2 potions of degeneration {unknown}
 h - a potion of ambrosia {unknown}
 i - a potion of magic {unknown}
 k - a potion of heal wounds {unknown}
 l - a potion of berserk rage {unknown}


   Skills:
 - Level 4.0 Fighting
 - Level 2.0 Short Blades
 - Level 3.0 Dodging
 - Level 2.2 Stealth
 - Level 3.3 Unarmed Combat
 - Level 1.0 Translocations
 + Level 0.5 Evocations


You had one spell level left.
You knew the following spells:

 Your Spells              Type           Power      Damage    Failure   Level
a - Blink                 Tloc           2%         N/A       47%         2

Your spell library contained the following spells:

 Spells                   Type           Power      Damage    Failure   Level
 Lesser Beckoning         Tloc           1%         N/A       71%         3
 Manifold Assault         Tloc           1%         N/A       100%        5


Dungeon Overview and Level Annotations

Branches:
Dungeon (3/15)

Altars:


Innate Abilities, Weirdness & Mutations

You thrive by killing the living.
You are immune to poison.
You have sharp fingernails.
Your flesh is cold resistant. (rC+)
You are immune to negative energy. (rN+++)
You do not regenerate when monsters are visible.
You are immune to unholy pain and torment.


Message History

Something tries to affect you, but you resist.
You hit the worm.
The worm is poisoned.
You claw the worm.
The worm is moderately wounded.
You hear some strange, mumbled words.
A puff of flame appears from out of thin air!
The puff of flame hits you!
You hit the worm.
The worm looks as sick as possible!
The worm is almost dead.
Something hits you. The dart slug launches a dart at you.
The slug dart hits something but does no damage.
An orc comes into view. It is wielding a +0 war axe.
The worm bites you!
You kill the worm!
You feel better.
You hear some strange, mumbled words.
A magic dart appears from out of thin air!
The magic dart hits you!
* * * LOW HITPOINT WARNING * * *
You miss something. Something hits you.
* * * LOW HITPOINT WARNING * * *
You closely miss something.
The orc shouts!
Something hits you.
* * * LOW HITPOINT WARNING * * *
The dart slug launches a dart at you. The slug dart misses you.
You hear some strange, mumbled words.
A puff of flame appears from out of thin air!
The puff of flame hits you!
* * * LOW HITPOINT WARNING * * *
An orc comes into view. It is wielding a +0 trident.
Sorry, you're not good enough to have a special ability.
Unknown command.
It was a potion of might.
You feel very mighty all of a sudden.
You hear some strange, mumbled words.
A puff of flame appears from out of thin air!
The puff of flame hits you!
You die...

#.#####......# ..#
#.....#......#
..#########.#......# #.....
#.#......# .....#
#.#......# #.##.#
#.)....### ### #.##.# #
######.#
.....###$##.####.######.##.
......ow{.@................
...#o#)####.####.######.##.
#. #.# #.######.##. #.
###.# #........... #.
#...###########.### #.
#..................
#.##......########.###
#.............<....#
.#######...##########


You could see a dart slug and 2 orcs.

Vanquished Creatures
  An adder (D:2)
  A worm (D:3)
  5 bats
  9 endoplasms
  A giant cockroach (D:1)
  4 goblins
  2 hobgoblins
  8 jackals (D:1)
  9 kobolds
  2 ball pythons (D:1)
  5 frilled lizards
  7 rats
54 creatures vanquished.

Notes
Turn   | Place    | Note
-------+----------+-------------------------------------------
     0 | D:1      | enile the Ghoul Monk began the quest for the Orb.
     0 | D:1      | Reached XP level 1. HP: 19/19 MP: 0/0
   158 | D:1      | Reached XP level 2. HP: 14/27 MP: 1/1
   379 | D:1      | Reached skill level 4 in Fighting
   504 | D:1      | Reached skill level 1 in Short Blades
   658 | D:1      | Reached XP level 3. HP: 33/33 MP: 2/2
   663 | D:1      | Learned a level 2 spell: Blink
  1310 | D:2      | Reached skill level 1 in Translocations
  1636 | D:2      | Reached XP level 4. HP: 40/40 MP: 3/3
  2006 | D:3      | Killed from afar by an orc wizard

Illustrated notes

Levels and vault maps discovered:
D:1:      lemuel_arrival_lava_pool, layout_loops_corners
D:2:      layout_loops_ring
D:3:      layout_basic

Skill      XL: |  1  2  3  4 |
---------------+-------------+-----
Fighting       | 4 |  4.0
Short Blades   | 1 2 |  2.0
Dodging        | 3 |  3.0
Translocations | 1 |  1.0
Stealth        | |  2.2
Unarmed Combat | |  3.3
Evocations     | |  0.5

Action                   |  1- 3 |  4- 6 || total
-------------------------+-------+-------++-------
Melee: Unarmed           |    26 |       ||    26
       Short sword       |    71 |    20 ||    91
       Punch             |       |     1 ||     1
 Cast: Blink             |     1 |       ||     1
  Use: Scroll            |       |     1 ||     1
       Potion            |       |     1 ||     1
 Stab: Sleeping          |    12 |     1 ||    13
       Distracted        |       |     1 ||     1
Armor: Robe              |    12 |     1 ||    13
Dodge: Dodged            |    45 |    10 ||    55

Table legend: (Time is in decaauts)
 A = Elapsed time spent in this place.
 B = Non-inter-level travel time spent in this place.
 C = Inter-level travel time spent in this place.
 D = Time resting spent in this place.
 E = Time spent auto-exploring this place.
 F = Levels seen in this place.
 G = Mean time per level.
                   A        B        C        D        E       F      G
               +--------+--------+--------+--------+--------+-----+--------+
         Total |   2007 |   1898 |    109 |      0 |   1555 |   3 |  669.0 |
       Dungeon |   2007 |   1898 |    109 |      0 |   1555 |   3 |  669.0 |
               +--------+--------+--------+--------+--------+-----+--------+

Top non-repeatable levels by time:
     D:1: 1233 daAuts
     D:2: 676 daAuts
     D:3: 97 daAuts
